Map: Ruins of Seras

Players

Skimpy - Winner!

  • Race: Zerg Zerg
  • League: Diamond

ignite

  • Race: Terran Terran
  • League: Master

VOD

Have the link to the VOD?

Description

Time

  • Played on: Feb. 17, 2016, 3:54 p.m.
  • Length: 18:08
Show
View Real Time Build Order
Export as new Build Order

Skimpy Zerg - Winner!

Build Orders: Hatch First, Muta Ling Bane 

Get SALT Encoding   

  12  0:01  Drone  
  13  0:12  Overlord  
  13  0:18  Drone  
  14  0:31  Drone x2  
  14  0:35  Drone  
  17  0:54  Hatchery  
  16  0:59  Drone  
  16  1:01  Drone  
  18  1:04  Extractor  
  18  1:07  Drone  
  18  1:21  Spawning Pool  
  17  1:27  Drone  
  17  1:29  Drone  
  19  1:47  Overlord  
  19  1:51  Drone  
  20  2:00  Drone  
  21  2:07  Drone  
  21  2:08  Queen  
  22  2:09  Queen  
  22  2:14  Metabolic Boost  
  26  2:18  Drone  
  26  2:21  Zergling x2  
  28  2:25  Drone  
  29  2:33  Overlord  
  29  2:35  Drone  
  30  2:49  Hatchery  
  29  2:52  Drone x2  
  29  2:58  Queen  
  31  3:01  Drone  
  31  3:03  Drone  
  35  3:13  Drone x3  
  38  3:21  Drone  
  39  3:31  Overlord, Drone  
  39  3:32  Drone x4  
  44  3:34  Overlord, Extractor  
  44  3:35  Extractor  
  42  3:44  Lair  
  42  3:47  Drone  
  42  3:48  Drone  
  44  3:49  Drone  
  45  4:07  Drone x3  
  45  4:08  Overlord x2  
  48  4:12  Extractor, Drone x2  
  48  4:13  Drone  
  48  4:14  Drone  
  51  4:18  Zergling x2  
  51  4:21  Zergling x2  
  53  4:30  Zergling x4  
  55  4:34  Drone x2  
  57  4:40  Drone x4  
  61  4:49  Zergling x6  
  64  4:53  Spire  
  64  4:59  Zergling x4  
  65  5:01  Drone  
  66  5:07  Hatchery, Drone  
  66  5:08  Extractor  
  66  5:10  Extractor  
  64  5:15  Queen  
  66  5:21  Evolution Chamber x2  
  66  5:23  Baneling Nest  
  66  5:24  Drone x5  
  66  5:25  Drone x3  
  71  5:29  Drone  
  71  5:32  Drone  
  71  5:33  Drone  
  74  5:40  Drone  
  74  5:42  Drone  
  76  5:45  Drone  
  76  5:48  Drone  
  78  5:51  Pneumatized Carapace  
  78  5:56  Drone x2  
  80  6:04  Zergling x4  
  80  6:06  Overlord x3  
  78  6:24  Overseer  
  78  6:28  Zerg Ground Armor Level 1  
  78  6:29  Zerg Melee Weapons Level 1  
  78  6:30  Mutalisk x3, Centrifical Hooks  
  78  6:31  Mutalisk x5  
  94  6:43  Zergling x2  
  94  6:44  Zergling x16  
  102  6:49  Mutalisk x2  
  106  6:58  Hatchery, Mutalisk x2  
  109  7:10  Baneling x2  
  109  7:11  Baneling x5  
  109  7:12  Mutalisk  
  111  7:26  Overlord x2  
  111  7:27  Overlord x2  
  111  7:32  Zerg Flyer Weapons Level 1  
  111  7:48  Zergling x14  
  111  7:49  Zergling x20  
  113  8:07  Zergling x4  
  113  8:08  Zergling x8  
  113  8:09  Baneling x3  
  113  8:10  Baneling x7  
  119  8:13  Mutalisk  
  119  8:14  Mutalisk x3  
  119  8:17  Drone  
  128  8:21  Overseer  
  128  8:36  Mutalisk x4  
  105  9:05  Zergling x24  
  105  9:06  Zergling x12  
  121  9:11  Zerg Ground Armor Level 2  
  121  9:12  Zerg Melee Weapons Level 2  
  121  9:13  Drone x2  
  123  9:22  Mutalisk x4  
  131  9:26  Zerg Flyer Armor Level 1, Drone  
  131  9:27  Drone  
  131  9:30  Overlord x2  
  133  9:36  Baneling  
  133  9:37  Baneling x9  
  133  9:49  Extractor  
  132  9:53  Extractor  
  131  10:01  Mutalisk x4  
  120  10:38  Overseer x3  
  120  10:39  Mutalisk  
  120  10:40  Mutalisk x3  
  128  10:43  Drone  
  128  10:44  Drone x13  
  142  11:03  Drone x7  
  146  11:11  Zergling x6  
  147  11:13  Overlord x2  
  147  11:15  Baneling x2  
  147  11:16  Baneling x12  
  147  11:18  Spore Crawler  
  148  11:21  Drone, Spine Crawler  
  148  11:22  Spine Crawler  
  148  11:23  Overlord x6, Spine Crawler  
  138  11:41  Zergling x22  
  131  11:55  Zergling x10  
  134  12:06  Zergling x2  
  134  12:07  Zergling x10  
  139  12:14  Infestation Pit  
  139  12:15  Drone x4  
  142  12:19  Drone x2  
  142  12:42  Hatchery  
  133  12:49  Mutalisk x12  
  133  12:50  Mutalisk x3  
  153  13:13  Mutalisk x6  
  161  13:24  Hatchery  
  158  13:27  Zergling x2  
  158  13:28  Zergling x20  
  165  13:42  Zergling x10  
  165  13:43  Zergling x12  
  167  13:53  Zergling x10  
  165  13:58  Overseer  
  161  14:13  Baneling  
  161  14:14  Baneling x20  
  161  14:15  Baneling x4  
  148  14:41  Hatchery  
  144  15:05  Mutalisk x8  
  144  15:06  Mutalisk x3  
  154  15:27  Drone  
  154  15:28  Drone x11  
  144  16:01  Zergling x2  
  144  16:02  Zergling x22  
  127  16:16  Mutalisk  
  127  16:17  Mutalisk x3  
  127  16:22  Extractor  
  127  16:24  Extractor  
  127  16:25  Queen x2  
  127  16:32  Baneling  
  125  16:33  Baneling x13  
  125  16:47  Mutalisk x3  
  125  17:34  Zergling x2  
  125  17:35  Zergling x22  
Show
View Real Time Build Order
Export as new Build Order

ignite Terran 

Build Orders: Reaper Expand, MMM Bio 

Get SALT Encoding   

  12  0:00  SCV  
  13  0:12  SCV  
  14  0:18  Supply Depot  
  14  0:25  SCV  
  15  0:40  SCV  
  15  0:41  Barracks  
  16  0:46  Refinery  
  16  0:52  SCV  
  17  1:04  SCV  
  18  1:16  SCV  
  19  1:29  Orbital Command  
  19  1:30  Reaper  
  20  1:44  Command Center  
  20  1:55  SCV  
  20  2:01  Supply Depot  
  21  2:02  Reaper  
  21  2:07  SCV  
  23  2:22  SCV  
  24  2:34  SCV  
  25  2:38  Command Center  
  25  2:44  Factory  
  25  2:46  SCV  
  26  2:52  Barracks Reactor  
  26  2:56  Orbital Command  
  26  3:00  SCV  
  27  3:12  SCV  
  28  3:21  SCV  
  29  3:28  SCV  
  30  3:36  Hellion x2  
  30  3:37  Barracks Tech Lab  
  30  3:40  SCV  
  30  3:41  SCV  
  36  3:46  Refinery  
  36  3:52  SCV, Orbital Command  
  36  3:53  SCV  
  38  3:58  Hellion x2  
  42  4:06  SCV x2  
  42  4:08  Marine  
  42  4:09  Stimpack  
  44  4:16  Supply Depot  
  44  4:18  SCV x2  
  44  4:19  Hellion x2  
  44  4:22  SCV  
  51  4:31  SCV  
  51  4:34  SCV  
  51  4:35  Marine  
  54  4:39  Supply Depot  
  54  4:40  Engineering Bay x2  
  54  4:43  SCV  
  55  4:47  SCV x2  
  55  4:51  Barracks  
  57  4:53  Barracks  
  57  4:56  Factory Reactor  
  57  4:58  Marine  
  58  5:00  SCV x3  
  58  5:04  Orbital Command  
  58  5:06  Refinery x2  
  61  5:09  Bunker  
  61  5:13  Supply Depot, SCV x2  
  64  5:15  Supply Depot  
  64  5:17  Reaper  
  64  5:18  Terran Infantry Weapons Level 1, Terran Infantry Armor Level 1  
  64  5:25  SCV x2  
  66  5:32  Supply Depot  
  66  5:33  Supply Depot  
  66  5:35  Supply Depot  
  66  5:36  SCV  
  69  5:42  SCV x2  
  69  5:47  Starport  
  70  5:51  Factory Reactor, SCV, Marine  
  70  5:56  Marine x2  
  73  5:57  SCV x2  
  73  5:59  Supply Depot  
  73  6:00  Missile Turret, Marine x2  
  73  6:01  Missile Turret, Supply Depot  
  73  6:02  Supply Depot  
  73  6:03  SCV  
  78  6:09  Barracks  
  78  6:10  SCV x2  
  80  6:11  Barracks  
  80  6:14  Marine x2  
  80  6:17  SCV  
  83  6:20  Marine x3  
  83  6:22  SCV  
  83  6:25  SCV  
  88  6:27  Combat Shields, Bunker  
  88  6:31  SCV  
  89  6:34  Factory Reactor, Marine x2  
  89  6:36  Armory, Medivac  
  89  6:38  SCV x2  
  95  6:40  Marine  
  95  6:41  Marine  
  95  6:42  Marine  
  99  6:52  Marine, Medivac  
  104  6:59  Barracks Reactor x2  
  104  7:00  Marine x3  
  104  7:01  Command Center, Refinery, Marine  
  105  7:09  Medivac  
  105  7:12  Marine  
  108  7:17  Marine, Widow Mine x2  
  109  7:25  Marine x3  
  109  7:27  Medivac  
  114  7:30  Marine  
  114  7:35  Marine  
  115  7:39  Marine x4  
  115  7:43  Marine  
  120  7:47  Widow Mine x2  
  120  7:48  Marine  
  120  7:49  Marine x2  
  120  7:51  Supply Depot  
  127  7:53  Terran Infantry Armor Level 2, Terran Infantry Weapons Level 2  
  127  7:55  Terran Vehicle And Ship Armor Level 1  
  127  7:57  Supply Depot x2  
  122  7:59  Supply Depot  
  122  8:04  Marine x5  
  108  8:05  Marine  
  108  8:06  Marine x2  
  108  8:08  Marine  
  108  8:12  Barracks x2, Factory  
  112  8:16  Barracks, Widow Mine x2  
  112  8:19  Supply Depot  
  116  8:22  Command Center, Marine  
  116  8:23  Marine x4  
  121  8:29  Marine x4  
  125  8:45  Missile Turret, Marine x4  
  125  8:46  Marine  
  125  8:47  Marine x2  
  125  8:48  Missile Turret x2  
  124  8:51  Missile Turret  
  124  8:54  Marine x2  
  119  9:02  Barracks Tech Lab  
  99  9:03  Factory Tech Lab, Marine x5, Barracks Tech Lab  
  99  9:05  Marine x2  
  99  9:06  Barracks Tech Lab  
  99  9:07  Planetary Fortress  
  99  9:09  Widow Mine  
  102  9:12  Marine x2  
  102  9:15  Medivac x2  
  108  9:17  Widow Mine  
  108  9:21  Marine  
  111  9:31  Marine x5  
  111  9:32  Marine x4, Marauder x2  
  111  9:33  Widow Mine  
  126  9:41  Command Center  
  126  9:42  Marine  
  127  9:49  Marine x5  
  133  9:55  Marine x2  
  133  9:56  Marine  
  133  9:57  Widow Mine  
  137  10:00  Marine  
  137  10:02  Widow Mine  
  137  10:06  Marine  
  137  10:09  Marine  
  137  10:10  Marine x2  
  137  10:13  Terran Infantry Armor Level 3, Terran Infantry Weapons Level 3  
  140  10:27  Command Center  
  140  10:32  Marine x2  
  140  10:33  Marine x5  
  140  10:34  Marine  
  145  10:36  Widow Mine  
  145  10:37  Factory Tech Lab  
  145  10:46  Terran Vehicle And Ship Armor Level 2  
  145  10:48  Marine  
  146  10:59  Marine x4, Barracks Reactor x2  
  146  11:00  Widow Mine  
  146  11:03  Medivac x2  
  152  11:16  Missile Turret, Marine  
  152  11:17  Marine  
  154  11:19  Missile Turret x2  
  154  11:21  Missile Turret  
  154  11:22  Marine x4  
  154  11:24  Marine  
  159  11:30  Factory Reactor  
  147  11:33  Widow Mine  
  147  11:34  Marine x2  
  147  11:39  Marine x4  
  142  11:40  Marine x2  
  142  11:43  Marauder  
  150  11:51  Marine x2  
  107  11:54  Medivac  
  106  12:01  Marine, Widow Mine  
  106  12:02  Marine x6  
  106  12:06  Marine x2, Widow Mine x2  
  106  12:08  Barracks  
  116  12:15  Medivac  
  113  12:16  Marine x2  
  113  12:19  Marine  
  113  12:21  Marine x3, Marauder  
  113  12:22  Missile Turret  
  121  12:23  Missile Turret, Marine x2  
  121  12:24  Marine x2, Medivac  
  121  12:25  Missile Turret  
  127  12:30  Widow Mine  
  127  12:35  Marine x2  
  130  12:37  Marine  
  130  12:39  Marine  
  130  12:44  Marine x5  
  130  12:45  Medivac  
  130  12:47  Widow Mine x2  
  138  12:52  Marine x2  
  138  12:56  Planetary Fortress  
  138  12:57  Marine  
  138  12:58  Marine x2, Widow Mine  
  134  13:03  Command Center, Marauder  
  134  13:04  Command Center  
  135  13:06  Barracks Tech Lab  
  135  13:08  Marine x4  
  137  13:13  Hi-Sec Auto Tracking, Building Armor  
  137  13:16  Widow Mine x2  
  137  13:17  Missile Turret  
  137  13:18  Missile Turret  
  138  13:20  Marine x4  
  138  13:21  Missile Turret  
  138  13:26  SCV x3  
  143  13:40  Missile Turret, Marine x4  
  143  13:41  Marine x2  
  138  13:48  Marine  
  138  13:49  Marine x2  
  138  13:52  Marine  
  130  13:58  Marine x2  
  128  14:04  Marine x3  
  128  14:06  Marine  
  130  14:15  Supply Depot  
  128  14:22  Marine x3  
  128  14:23  Marine x4  
  119  14:24  Marine  
  117  14:40  Marine x4  
  110  14:49  Marine x4  
  114  14:58  Marine x2  
  114  15:11  Marine x5  
  114  15:12  Marine, Widow Mine  
  120  15:16  Marine  
  121  15:27  Marine  
  121  15:29  Marine x2  
  120  15:41  Marine x4  
  113  15:48  Marine x2  
  113  15:49  Marine x2  
  114  15:50  Widow Mine  
  105  15:59  Marine x4  
  74  16:06  Marine x2  
  74  16:07  Marine x2  
  66  16:17  Marine x4  
  63  16:24  Marine  
  63  16:28  Marine x3  
  64  16:33  Widow Mine  
  64  16:34  Marine  
  64  16:35  Marine x3  
  64  16:36  Medivac  
  64  16:37  Medivac  
  72  16:41  Marine, Orbital Command  
  73  16:47  Marine x2  
  73  16:53  Marine x2  
  73  16:54  Marine  
  78  16:58  Marine  
  76  17:08  Marine x4  
  78  17:11  Widow Mine  
  78  17:15  Medivac  
  74  17:27  Medivac  
  65  17:38  Marine  
  65  17:39  Marine x6  
Tags
 
Add a new tag
Caveats
  • Supply blocks, unpowered buildings, or Contaminate may cause inaccurate times.
  • Supply counts are checked every 10 seconds.